 Dungeon Crawl Stone Soup version 0.28-a0-683-ga8797d1ae1 (webtiles) character file.

Game seed: 8586766405962478014

605 KoroneIsBestGirl the Skirmisher (level 7, -4/58 HPs)
             Began as a Formicid Fighter on Oct 18, 2021.
             Was an Initiate of Gozag.
             Splashed by a jelly's acid (9 damage)
             ... on level 5 of the Dungeon.
             The game lasted 00:06:04 (4352 turns).

KoroneIsBestGirl the Skirmisher (Formicid Fighter)  Turns: 4352, Time: 00:06:05

Health: -4/58      AC: -17   Str: 20    XL:     7   Next: 70%
Magic:  8/8        EV: 11    Int: 10    God:    Gozag
Gold:   116        SH:  5    Dex: 10    Spells: 4/7 levels left

rFire   . . .      SeeInvis +   a - +0 trident
rCold   . . .      Faith    .   c - +0 buckler
rNeg    . . .      Spirit   .   k - +0 robe {Will+}
rPois   .          Reflect  .   (helmet unavailable)
rElec   .          Harm     .   (no cloak)
rCorr   .          Rampage  .   (no gloves)
Will    +....                   (no boots)
Stlth   +.........              (no amulet)
HPRegen 0.19/turn               (no ring)
MPRegen 0.11/turn               (no ring)

@: corroded, very slightly contaminated, invisible
A: permanent stasis, dig shafts and tunnels, antennae 3, four strong arms
a: Dig, Shaft Self, Renounce Religion, Potion Petition, Call Merchant, Bribe
Branch


You were on level 5 of the Dungeon.
You worshipped Gozag.
Gozag was aware of your devotion.
You visited 2 branches of the dungeon, and saw 6 of its levels.

You collected 152 gold pieces.
You paid 36 gold pieces to Gozag.

Inventory:

Hand Weapons
 a - a +0 trident (weapon)
Missiles
 t - a throwing net
Armour
 b - a +0 scale mail
 c - a +0 buckler (worn)
 k - a +0 robe of willpower (worn)
 r - the +1 scale mail of the Nexus {Regen+}
   (You found it on level 4 of the Dungeon)

   Regen:     It increases your rate of health regeneration.
Magical Staves
 i - a staff of fire
Scrolls
 d - 2 scrolls of teleportation {unknown}
 e - a scroll of blinking {unknown}
 f - a scroll of magic mapping {unknown}
 g - a scroll of immolation {unknown}
 j - a scroll of summoning {unknown}
 l - 2 scrolls of brand weapon {unknown}
 n - a scroll of amnesia {unknown}
 p - a scroll of holy word {unknown}
 s - a scroll of fog {unknown}
Potions
 m - a potion of cancellation {unknown}
 o - a potion of attraction {unknown}
 q - a potion of brilliance {unknown}


   Skills:
 * Level 6.1 Fighting
 + Level 3.8 Polearms
 + Level 4.8 Armour
 + Level 0.7 Dodging
 + Level 5.4 Shields
 + Level 0.8 Spellcasting
 + Level 0.7 Ice Magic


You had 4 spell levels left.
You knew the following spells:

 Your Spells              Type           Power      Damage    Failure   Level
a - Frozen Ramparts       Ice            2%         1d2       63%         3

Your spell library contained the following spells:

 Spells                   Type           Power      Damage    Failure   Level
 Freeze                   Ice            4%         1d3       26%         1
 Hailstorm                Conj/Ice       1%         3d3       97%         4


Dungeon Overview and Level Annotations

Branches:
Dungeon (5/15)             Temple (1/1) D:4

Altars:
Ashenzari
Dithmenos
Elyvilon
Fedhas
Gozag
Kikubaaqudgha
Makhleb
Nemelex Xobeh
Okawaru
Qazlal
Sif Muna
Trog
Uskayaw
Xom
Yredelemnul
The Shining One

Shops:
D:2 !   D:4 ?

Annotations:
D:4 Grinder


Innate Abilities, Weirdness & Mutations

You cannot be hasted, slowed, berserked, paralysed or teleported.
You can dig through walls and to a lower floor.
You have a pair of large antennae on your head. (SInv)
Your four strong arms can wield two-handed weapons with a shield.


Message History

The jelly misses you.
You hit the jelly but do no damage.
Your hands burn!
The jelly is almost dead.
The jelly hits you. The acid corrodes you!
You are splashed with acid!
You are too injured to fight recklessly!
You are too injured to fight recklessly!
You are too injured to fight recklessly!
You are too injured to fight recklessly!
You are too injured to fight recklessly!
You are too injured to fight recklessly!
You are too injured to fight recklessly!
You are too injured to fight recklessly!
You are too injured to fight recklessly!
You are too injured to fight recklessly!
You are too injured to fight recklessly!
You are too injured to fight recklessly!
You hit the jelly but do no damage.
Your hands burn!
The jelly is almost dead.
The jelly barely misses you.
You hit the jelly but do no damage. The acid corrodes you!
Your hands burn!
The jelly is almost dead.
The jelly hits you.
* * * LOW HITPOINT WARNING * * *
You are splashed with acid.
* * * LOW HITPOINT WARNING * * *
Casting: Frozen Ramparts (quite dangerous; 63% risk of failure)
Confirm with . or Enter, or press ? or * to list all spells.
You don't know that spell.
Unknown command.
You fade into invisibility!
The jelly misses you.
You are very lightly contaminated with residual magic.
You hit the jelly but do no damage.
Your hands burn!
* * * LOW HITPOINT WARNING * * *
The jelly is almost dead.
The jelly hits you.
* * * LOW HITPOINT WARNING * * *
The acid corrodes you!
You are splashed with acid!
You die...
Your body crumbles into a pile of gold.

.........
..........#.#
#......#..#.# ###
..........#.# #.#
..#..#....#.# #.#
........#.#.# #.#
#.....#.#.#.###.#
.......J@.#.##.##
#...$.........##
........#.#.###
#.##..#.#.#.#
##.#.#.#.#
##.#.#.#.#
.........###
.##.........#
............#


You could see a jelly.

Vanquished Creatures
  An ogre (D:4)
  A scorpion (D:2)
  A water moccasin skeleton (D:4)
  A bullfrog skeleton (D:4)
  A hound (D:4)
  An iguana (D:5)
  A jelly (D:4)
  Jessica (D:2)
  Terence (D:1)
  An orc wizard (D:4)
  Natasha (thrice) (D:2)
  3 gnolls (D:4)
  3 adders
  An adder skeleton (D:4)
  2 worms
  4 dart slugs
  4 orcs
  6 endoplasms
  3 giant cockroaches
  7 hobgoblins
  4 quokkas
  5 ball pythons
  3 bats
  7 frilled lizards
  8 goblins
  9 kobolds
  3 rats
85 creatures vanquished.

Notes
Turn   | Place    | Note
-------+----------+-------------------------------------------
     0 | D:1      | KoroneIsBestGirl the Formicid Fighter began the quest for
                  | the Orb.
     0 | D:1      | Reached XP level 1. HP: 18/18 MP: 1/1
   137 | D:1      | Found a faded altar of an unknown god.
   149 | D:1      | Prayed at the altar of an unknown god.
   149 | D:1      | Became a worshipper of the Shining One
   149 | D:1      | Reached * piety under the Shining One
   172 | D:1      | Reached XP level 2. HP: 24/24 MP: 2/2
   330 | D:2      | Reached XP level 3. HP: 29/30 MP: 3/3
   341 | D:2      | Noticed Jessica
   346 | D:2      | Killed Jessica
   347 | D:2      | Reached skill level 4 in Fighting
   348 | D:2      | Reached XP level 4. HP: 29/37 MP: 4/4
   417 | D:2      | Noticed a scorpion
   425 | D:2      | Killed a scorpion
   426 | D:2      | Reached XP level 5. HP: 20/43 MP: 5/5
   458 | D:2      | Noticed Terence
  1437 | D:2      | Noticed Natasha
  1449 | D:1      | Killed Terence
  1558 | D:2      | Killed Natasha
  1673 | D:2      | Learned a level 3 spell: Frozen Ramparts
  1798 | D:2      | Found Imaalea's Distillery.
  1819 | D:2      | Noticed Natasha
  1827 | D:2      | Killed Natasha
  1828 | D:2      | Reached skill level 5 in Fighting
  1828 | D:2      | Reached XP level 6. HP: 44/51 MP: 6/6
  1983 | D:2      | Noticed Natasha
  1996 | D:2      | Killed Natasha
  2082 | D:2      | You fall into a shaft and drop 2 floors!
  2177 | D:4      | Reached ** piety under the Shining One
  2211 | D:4      | Reached skill level 5 in Shields
  2501 | D:4      | Reached XP level 7. HP: 52/57 MP: 7/7
  3254 | D:4      | Found Ifyn's Magic Scroll Shop.
  3291 | D:4      | Found a staircase to the Ecumenical Temple.
  3369 | Temple   | Entered the Ecumenical Temple
  3405 | Temple   | Fell from the grace of the Shining One
  3405 | Temple   | Became a worshipper of Gozag Ym Sagoz the Greedy
  3476 | D:4      | Identified the +1 scale mail of the Nexus {Regen+}
  3580 | D:4      | Reached skill level 6 in Fighting
  3685 | D:4      | Noticed Grinder
  3717 | D:5      | Entered Level 5 of the Dungeon
  4352 | D:5      | Splashed by a jelly's acid

Illustrated notes

Levels and vault maps discovered:
D:1:      onia_arrival_mini_spirals, layout_basic,
          hellmonk_ecumenical_altar_heavens_door, chequers_serial_rivers_micro_c
D:2:      layout_rooms, serial_shops, nicolae_shop_stone, uniq_natasha,
          uniq_jessica, uniq_terence
D:3:      layout_basic, grunt_ministairs_9
D:4:      layout_basic, minmay_temple_entry_butterflies, serial_shops,
          nicolae_shop_temple_entry_statues_fountains,
          chequers_ossuary_entry_cave, uniq_grinder
D:5:      layout_basic, kennysheep_mini_moat, serial_shops,
          nicolae_shop_waterfront, minmay_misc_feat_plants,
          kennysheep_decorative_pillar, uniq_ijyb, uniq_edmund
Temple:   regret_index_temple_sigil_plot

Skill      XL: |  1  2  3  4  5  6  7 |
---------------+----------------------+-----
Fighting       | 4 5 6 |  6.1
Shields        | 4 5 |  5.4
Armour         | 4 |  4.8
Polearms       | 3 |  3.8
Dodging        | |  0.7
Spellcasting   | |  0.8
Ice Magic      | |  0.7

Action                   |  1- 3 |  4- 6 |  7- 9 || total
-------------------------+-------+-------+-------++-------
Melee: Trident           |    40 |   139 |   120 ||   299
 Abil: Dig               |       |       |     1 ||     1
  Use: Potion            |       |     1 |     2 ||     3
Armor: Scale mail        |    11 |    44 |     7 ||    62
       Robe              |       |       |     2 ||     2
Dodge: Dodged            |    12 |    60 |    37 ||   109
Block: Buckler           |     9 |    33 |    15 ||    57

Table legend: (Time is in decaauts)
 A = Elapsed time spent in this place.
 B = Non-inter-level travel time spent in this place.
 C = Inter-level travel time spent in this place.
 D = Time resting spent in this place.
 E = Time spent auto-exploring this place.
 F = Levels seen in this place.
 G = Mean time per level.
                   A        B        C        D        E       F      G
               +--------+--------+--------+--------+--------+-----+--------+
         Total |   4397 |   4226 |    171 |   1319 |   2241 |   6 |  732.8 |
       Dungeon |   4339 |   4199 |    140 |   1319 |   2223 |   5 |  867.8 |
        Temple |     57 |     26 |     31 |      0 |     18 |   1 |   57.0 |
               +--------+--------+--------+--------+--------+-----+--------+

Top non-repeatable levels by time:
     D:1: 1423 daAuts
     D:4: 864 daAuts
     D:3: 731 daAuts
     D:2: 683 daAuts
     D:5: 637 daAuts
  Temple: 57 daAuts
